 Dungeon Crawl Stone Soup version 0.31.0-11-ge490571c62 (webtiles) character file.

Game seed: 3747832648218284774

11 qw the Shooter (level 2, -2/16 HPs)
             Began as a Deep Elf Hunter on Feb 5, 2024.
             Slain by a rat (3 damage)
             ... on level 2 of the Dungeon.
             The game lasted 00:00:12 (394 turns).

qw the Shooter (Deep Elf Hunter)                     Turns: 394, Time: 00:00:12

Health: -2/16      AC:  3    Str:  8    XL:     2   Next: 13%
Magic:  4/4        EV: 12    Int: 13    God:
Gold:   38         SH:  0    Dex: 18    Spells: 1/1 levels left

rFire   . . .        a - +0 shortbow
rCold   . . .        (shield currently unavailable)
rNeg    . . .        c - +0 leather armour
rPois   .            (no helmet)
rElec   .            (no cloak)
rCorr   .            (no gloves)
SInv    .            (no boots)
Will    .....        (no amulet)
Stlth   ++           (no ring)
HPRegen 0.22/turn    (no ring)
MPRegen 0.09/turn

%: no passive effects
@: lethally poisoned (-2 -> -4)
A: no striking features
a: no special abilities


You were on level 2 of the Dungeon.
You visited 1 branch of the dungeon, and saw 2 of its levels.

You collected 38 gold pieces.


   Skills:
 - Level 1.5 Fighting
 + Level 6.0 Ranged Weapons
 - Level 2.4 Dodging
 - Level 1.2 Stealth


You had one spell level left.
You didn't know any spells.
Your spell library was empty.

Inventory:

Hand Weapons
 a - a +0 shortbow (weapon)
Armour
 c - a +0 leather armour (worn)
Potions
 d - a potion of heal wounds
 f - a potion of enlightenment {unknown}

Dungeon Overview and Level Annotations

Branches:
Dungeon (2/15)

Altars:


Message History

The adder closely misses you.
You shoot an arrow. The arrow closely misses the adder.
The adder bites you but does no damage. The rat barely misses you.
The rat bites you. The adder bites you.
You shoot an arrow. The arrow misses the adder.
The rat bites you. The rat misses you. The adder bites you.
The rat closely misses you. The rat bites you.
387 ||| DRINKING 2 potions of heal wounds.
You feel much better. The adder barely misses you. The rat barely misses you.
The rat bites you.
You shoot an arrow. The arrow misses the adder.
The adder barely misses you. The adder bites you. The rat barely misses you.
The rat bites you but does no damage.
You shoot an arrow. The arrow barely misses the adder.
The adder misses you. The rat bites you. The rat completely misses you.
You shoot an arrow. The arrow hits the adder.
The adder is heavily wounded.
The adder bites you but does no damage. The rat barely misses you.
The rat closely misses you. The adder closely misses you.
You shoot an arrow. The arrow misses the adder.
The adder bites you.
You are poisoned.
The adder poisons you! The rat misses you. x2
You shoot an arrow.
The arrow hits the adder but does no damage.
The adder is heavily wounded.
You feel sick. The adder misses you. The rat closely misses you.
The rat barely misses you. The adder closely misses you.
You shoot an arrow. The arrow hits the adder.
The adder is severely wounded.
You feel sick. The rat bites you. The rat closely misses you.
The adder misses you.
The rat twitches its whiskers.
The rat misses you. x2
You shoot an arrow.
The arrow hits the adder but does no damage.
The adder is severely wounded.
You feel sick.
The adder bites you. x2; The rat bites you but does no damage.
The rat bites you.
You die...

# .#
#####.###
##.......#
##..}...}..
#..........
#..S$.}....
#..@.....>.
#.rr..}....
#..........
##..}...}..
##.......#
####.....
####.


You could see an adder and 2 rats.

Vanquished Creatures
  2 ball pythons (D:1)
  2 bats (D:1)
  An endoplasm (D:1)
  A giant cockroach (D:1)
  A goblin (D:1)
  A hobgoblin (D:1)
  A kobold (D:1)
9 creatures vanquished.

Notes
Turn   | Place    | Note
-------+----------+-------------------------------------------
     0 | D:1      | qw the Deep Elf Hunter began the quest for the Orb.
     0 | D:1      | Reached XP level 1. HP: 12/12 MP: 3/3
     0 | D:1      | 0 ||| qw: Version: 0.3-a-160-g6735b56
     0 | D:1      | 0 ||| qw: Game counter: 6305
     0 | D:1      | 0 ||| qw: Melee chars always use a shield: true
     0 | D:1      | 0 ||| qw: God list: Okawaru
     0 | D:1      | 0 ||| qw: Allow faded altars: false
     0 | D:1      | 0 ||| qw: Do Orc after clearing Dungeon:15 true
     0 | D:1      | 0 ||| qw: Do second Lair branch before Depths: true
     0 | D:1      | 0 ||| qw: Lair rune preference: random
     0 | D:1      | 0 ||| qw: Goals: Normal
     0 | D:1      | 0 ||| PLANNING D:1-11
   125 | D:1      | 125 ||| DROPPING +0 sling of draining.
   204 | D:1      | Reached skill level 6 in Ranged Weapons
   204 | D:1      | Reached XP level 2. HP: 16/16 MP: 4/4
   369 | D:1      | 369 ||| DROPPING ring of wizardry.
   370 | D:1      | 370 ||| READING scroll labelled TOMNOM CATAI.
   370 | D:1      | 370 ||| ENCHANTING +0 shortbow.
   371 | D:1      | 371 ||| READING scroll labelled QETYTO ZIYNO.
   372 | D:1      | 372 ||| DRINKING 3 orange potions.
   373 | D:1      | 373 ||| DROPPING scroll of butterflies.
   386 | D:2      | HP: 4/16 [rat (1)]
   387 | D:2      | 387 ||| DRINKING 2 potions of heal wounds.
   394 | D:2      | HP: 4/16 [poisoned by an adder]
   394 | D:2      | HP: 1/16 [adder (1)]
   394 | D:2      | Slain by a rat

Levels and vault maps discovered:
D:1:      tarquinn_simple_flora_water_e, layout_rooms
D:2:      layout_loops_cross, hangedman_decor_push, kennysheep_cross_room,
          grunt_ministairs_10, minmay_pentomino_v2

Skill      XL: |  1 |
---------------+----+-----
Ranged Weapons | 6 |  6.0
Fighting       | |  1.5
Dodging        | |  2.4
Stealth        | |  1.2

Action                     || total
---------------------------++-------
   Fire: Shortbow          ||    41
    Use: Scroll            ||     2
         Potion            ||     2
 Armour: Leather armour    ||    25
  Dodge: Dodged            ||    37

Table legend:
 A = Non-vault XP
 B = Vault XP
 C = Vault XP percentage of total XP
 D = Non-vault monster count
 E = Vault monster count
 F = Vault count percentage of total count
                 A         B        C        D         E       F
            +---------+---------+-------+---------+---------+-------
      Total |      16 |       0 |   0.0 |       9 |       0 |   0.0
            +---------+---------+-------+---------+---------+-------
        D:1 |      16 |       0 |   0.0 |       9 |       0 |   0.0
            +---------+---------+-------+---------+---------+-------
